 Dungeon Crawl Stone Soup version 0.28.0-53-g5a82cb258f (webtiles) character file.

Game seed: 18116643108867982542

2231 Plasmagod the Thaumaturge (level 9, -12/55 HPs)
             Began as a Djinni Fire Elementalist on July 26, 2022.
             Mangled by an orc warrior
             ... wielding a +0 flail
              (15 damage)
             ... on level 7 of the Dungeon.
             The game lasted 00:19:08 (7929 turns).

Plasmagod the Thaumaturge (DjFE)                    Turns: 7929, Time: 00:19:09

Health: -12/55     AC:  6    Str:  7    XL:     9   Next: 62%
Gold:   259        EV: 13    Int: 21    God:
                   SH:  0    Dex: 14

rFire   + + +      SeeInvis .   o - staff of fire
rCold   x . .      Faith    .   (no shield)
rNeg    . . .      Spirit   .   a - +1 robe
rPois   ∞          Reflect  .   n - +1 helmet
rElec   .          Harm     .   j - scarf {repulsion}
rCorr   .          Rampage  .   g - +0 pair of gloves
Will    .....                   (boots unavailable)
Stlth   ++........              (no amulet)
HPRegen 0.18/turn               (no ring)
MPRegen 0.00/turn               (no ring)

@: flying, repel missiles
A: sickness immunity, fire resistance 2, cold vulnerability 1, float, innate
caster, HP casting, extra vitality 1
a: no special abilities


You were on level 7 of the Dungeon.
You visited 1 branch of the dungeon, and saw 7 of its levels.

You collected 259 gold pieces.

Inventory:

Armour
 a - a +1 robe (worn)
 g - a +0 pair of gloves (worn)
 j - a scarf of repulsion (worn)
 n - a +1 helmet (worn)
Magical Staves
 o - a staff of fire (weapon)
 p - a staff of poison
Jewellery
 e - a ring of positive energy
 h - the ring "Xuri" {Ice Slay+3}
   (You found it on level 3 of the Dungeon)

   [ring of ice]

   It enhances your ice magic.
   Slay:      It affects your accuracy & damage with ranged weapons and melee
   (+3).
   rF:        It makes you vulnerable to fire.
   rC:        It protects you from cold.
Wands
 m - a wand of flame (20)
Scrolls
 b - a scroll of acquirement {unknown}
 f - 2 scrolls of summoning {unknown}
 q - a scroll of blinking
Potions
 c - a potion of magic {unknown}
 d - 3 potions of might
 i - 4 potions of curing {unknown}
 k - a potion of flight {unknown}
 l - a potion of brilliance {unknown}
 r - a potion of mutation {unknown}


   Skills:
 + Level 0.2 Fighting
 + Level 3.0 Dodging
 + Level 3.6 Stealth
 + Level 9.2 Spellcasting


You had 5 spell levels left.
You knew the following spells:

 Your Spells              Type           Power      Damage    Failure   Level
a - Foxfire               Conj/Fire      100%       2x1d9     1%          1
b - Scorch                Fire           100%       2d10      1%          2
c - Conjure Flame         Conj/Fire      64%        6-21      1%          3
d - Inner Flame           Hex/Fire       64%        N/A       1%          3
e - Flame Wave            Conj/Fire      64%        2d12      1%          4
f - Animate Skeleton      Necr           96%        N/A       1%          1
g - Call Imp              Summ           48%        N/A       1%          2
h - Searing Ray           Conj           96%        2d7       1%          2
i - Call Canine Familiar  Summ           48%        N/A       1%          3
Your spell library was empty.

Dungeon Overview and Level Annotations

Branches:
Dungeon (7/15)
 Temple: D:4-7

Altars:
Nemelex Xobeh

Shops:
D:2 =


Innate Abilities, Weirdness & Mutations

You are immune to sickness and miasma.
You are immune to poison.
Your flesh is very heat resistant. (rF++)
You are vulnerable to cold. (rC-)
You float through the air rather than walking.
You learn spells naturally, not from books.
Your magical power is your life essence.
You have superior vitality. (+4 MHP)


Message History

Casting: Flame Wave (dangerous; 1% risk of failure)
Press: ? - help, Dir - look around, f - activate You feel a surge of power!
A wave of flame ripples out!
The flame wave engulfs the orc!
You kill the orc!
The flame wave engulfs the orc warrior!
The orc warrior is heavily wounded. (Press . to intensify the flame waves.)
Your wolf misses the orc warrior. Really fire at your wolf?
A wave of flame ripples out!
The flame wave engulfs the orc warrior.
The orc warrior is heavily wounded.
The flame wave engulfs the orc wizard!
The orc wizard is almost dead.
The flame wave engulfs your wolf.
Your wolf is moderately wounded.
Your wolf disappears in a puff of smoke!
The orc warrior hits you with a +0 flail!
The orc wizard hits you but does no damage.
A wave of flame ripples out!
The flame wave engulfs the orc warrior!
The orc warrior is almost dead.
The flame wave engulfs the orc wizard!
You kill the orc wizard!
You finish channelling waves of flame.
A centaur comes into view.
The orc warrior hits you with a +0 flail!
The centaur shouts!
Casting: Flame Wave (dangerous; 1% risk of failure)
Confirm with . or Enter, or press ? or * to list all spells.
You feel a surge of power!
Flames lash the centaur.
The centaur is lightly wounded.
The centaur's fire resistance burns away.
The centaur wields a +0 shortbow.
The centaur shoots an arrow.
The arrow closely misses you.
The orc warrior hits you with a +0 flail!
* * * LOW HITPOINT WARNING * * *
The centaur shoots an arrow.
The arrow hits you.
* * * LOW HITPOINT WARNING * * *
The orc warrior hits you with a +0 flail!
You die...

#.#
#.#
#.#
#.#
#.#
#.#
#.#
#@#
#o).#
#.#c#
.>#.#
### #


You could see an orc warrior and a centaur (combustible).

Vanquished Creatures
  The ghost of Plasmagod the Covert, a novice GnDe (D:4)
  Eustachio (D:6)
  A water moccasin (D:6)
  An ice beast (D:5)
  2 black bears (D:6)
  3 necrophages (D:6)
  A centaur (D:5)
  A kobold brigand (D:6)
  A scorpion (D:4)
  2 water moccasin zombies
  4 wights (D:6)
  An electric eel (D:6)
  3 hounds
  3 orc priests
  Jessica (D:2)
  3 orc wizards
  A killer bee zombie (D:6)
  A gnoll (D:6)
  12 adders
  A white imp (D:6)
  An ufetubus (D:5)
  2 worms
  4 dart slugs
  30 orcs
  12 endoplasms
  A giant cockroach (D:4)
  5 goblins
  7 hobgoblins
  5 jackals
  14 kobolds
  2 quokkas (D:1)
  5 ball pythons
  7 bats
  2 frilled lizards (D:1)
  7 rats
148 creatures vanquished.

Vanquished Creatures (collateral kills)
  A wight (D:6)
1 creature vanquished.

Vanquished Creatures (others)
  368 foxfires
  18 plants (D:6)
386 creatures vanquished.

Grand Total: 535 creatures vanquished

Notes
Turn   | Place    | Note
-------+----------+-------------------------------------------
     0 | D:1      | Plasmagod the Djinni Fire Elementalist began the quest for
                  | the Orb.
     0 | D:1      | Reached XP level 1. HP: 15/15 MP: 0/0
   298 | D:1      | Reached XP level 2. HP: 20/21 MP: 0/0
   604 | D:1      | Reached skill level 3 in Spellcasting
   766 | D:1      | Reached XP level 3. HP: 22/25 MP: 0/0
   766 | D:1      | Learned a level 1 spell: Animate Skeleton
  1134 | D:1      | Found a faded altar of an unknown god.
  1421 | D:2      | Found Wugguof's One-of-a-Kind Rings.
  1556 | D:2      | Reached XP level 4. HP: 26/31 MP: 0/0
  1627 | D:2      | Noticed Jessica
  1631 | D:2      | Killed Jessica
  1995 | D:2      | Found a sparkling altar of Nemelex Xobeh.
  2240 | D:3      | Reached XP level 5. HP: 33/35 MP: 0/0
  2240 | D:3      | Learned a level 2 spell: Call Imp
  2567 | D:3      | Reached skill level 4 in Spellcasting
  2824 | D:3      | Identified the ring "Xuri" {Ice Slay+3}
  3842 | D:4      | Reached XP level 6. HP: 35/40 MP: 0/0
  4292 | D:4      | Found a runed translucent door.
  4293 | D:4      | Noticed Plasmagod's ghost (novice GnDe)
  4304 | D:4      | Killed Plasmagod's ghost
  4305 | D:4      | Reached skill level 5 in Spellcasting
  4305 | D:4      | Reached XP level 7. HP: 18/45 MP: 0/0
  4305 | D:4      | Learned a level 2 spell: Searing Ray
  5014 | D:5      | Entered Level 5 of the Dungeon
  5165 | D:5      | Reached skill level 6 in Spellcasting
  5165 | D:5      | Reached XP level 8. HP: 23/50 MP: 0/0
  6651 | D:6      | Reached skill level 7 in Spellcasting
  6756 | D:6      | Noticed Eustachio
  6764 | D:6      | Killed Eustachio
  6930 | D:6      | Reached XP level 9. HP: 49/55 MP: 0/0
  6930 | D:6      | Learned a level 3 spell: Call Canine Familiar
  6935 | D:6      | Reached skill level 8 in Spellcasting
  7320 | D:6      | Reached skill level 9 in Spellcasting
  7929 | D:7      | Mangled by an orc warrior

Illustrated notes

Levels and vault maps discovered:
D:1:      dpeg_arrival_refuge, layout_basic, ebering_ecumenical_altar_abandoned,
          minmay_tripent
D:2:      layout_basic, basic_altar, nicolae_shop_unique_rings, moated_statue,
          uniq_jessica
D:3:      layout_basic, minmay_surrounded
D:4:      layout_basic, ebering_ghost_reflecting_pool
D:5:      layout_basic, saegor_snake_ambush
D:6:      layout_cave_pools, grunt_decor_mini_mirrors, serial_bayou_ford_a,
          minmay_checkerbox, uniq_eustachio
D:7:      kennysheep_big_flooded_room, layout_basic, minmay_temple_entry_waves,
          nicolae_specific_store, uniq_menkaure

Skill      XL: |  1  2  3  4  5  6  7  8  9 |
---------------+----------------------------+-----
Spellcasting   | 3 4 5 6 7 9 |  9.2
Stealth        | 2 3 |  3.6
Dodging        | 3 |  3.0
Fighting       | |  0.2

Action                   |  1- 3 |  4- 6 |  7- 9 || total
-------------------------+-------+-------+-------++-------
 Cast: Foxfire           |    55 |    81 |    99 ||   235
       Scorch            |       |    24 |    42 ||    66
       Inner Flame       |       |     1 |       ||     1
       Searing Ray       |       |       |     6 ||     6
       Call Imp          |       |       |     2 ||     2
       Call Canine Famil |       |       |     3 ||     3
       Flame Wave        |       |       |     2 ||     2
  Use: Scroll            |       |     7 |       ||     7
Armor: Robe              |     1 |       |     3 ||     4
Dodge: Dodged            |     2 |     1 |    11 ||    14
